 Dungeon Crawl Stone Soup version 0.27.1-37-g7b29ead8ac (webtiles) character file.

Game seed: 16690932992466029605

13597 AarnesTheHuman the Spry (level 12, -6/88 HPs)
             Began as a Merfolk Gladiator on Dec 1, 2023.
             Was an Elder of Hepliaklqana.
             Mangled by a komodo dragon (22 damage)
             ... on level 1 of the Lair of Beasts on Dec 4, 2023.
             The game lasted 00:32:57 (15113 turns).

AarnesTheHuman the Spry (Merfolk Gladiator)        Turns: 15113, Time: 00:32:57

Health: -6/88      AC: 13    Str: 17    XL:     12   Next: 7%
Magic:  16/19      EV: 21    Int:  9    God:    Hepliaklqana [****..]
Gold:   797        SH:  0    Dex: 16    Spells: 11/20 levels left

rFire    . . .     SeeInvis .   a - +0 trident
rCold    . . .     Faith    .   (no shield)
rNeg     . . .     Spirit   .   l - +3 robe of Follow the Leader {Will+ rCorr}
rPois    +         Reflect  .   c - +1 helmet
rElec    .         Harm     .   R - +1 cloak {Stlth+}
rCorr    +         Rampage  .   U - +0 pair of gloves
Will     +....                  q - +2 pair of boots
Stlth    ++........             M - amulet of magic regeneration
HPRegen  0.24/turn              x - ring of wizardry
MPRegen  0.41/turn              j - ring of poison resistance

@: no status effects
A: reduced essence, (nimble swimmer 2), mertail
a: Renounce Religion, Recall Ancestor, Ancestor Identity, Transference, Idealise


You were on level 1 of the Lair of Beasts.
You worshipped Hepliaklqana.
Hepliaklqana was greatly pleased with you.
You visited 3 branches of the dungeon, and saw 12 of its levels.
You also visited: Sewer and Ossuary.

You collected 830 gold pieces.
You spent 33 gold pieces at shops.

Inventory:

Hand Weapons
 a - a +0 trident (weapon)
 b - a +1 whip of electrocution
 r - a +0 hunting sling
 v - a +0 whip of flaming
Missiles
 d - 3 throwing nets
 f - 23 poisoned darts (quivered)
 i - 361 stones
 t - 5 silver javelins
Armour
 c - a +1 helmet (worn)
 l - the +3 robe of Follow the Leader (worn) {Will+ rCorr}
   (You found it on level 5 of the Dungeon)

   rCorr:     It protects you from acid and corrosion.
   Will:      It increases your willpower.
 q - a +2 pair of boots (worn)
 I - a +0 cloak
 R - a +1 cloak of stealth (worn)
 U - a +0 pair of gloves (worn)
Jewellery
 j - a ring of poison resistance (right hand)
 k - a ring of see invisible
 w - a +4 ring of protection
 x - a ring of wizardry (left hand)
 y - a ring of protection from cold
 A - a ring of positive energy
 C - a ring of magical power
 H - the ring "Horostry" {rElec rC- rN+ MP+9 Int+3}
   (You acquired it on level 6 of the Dungeon)

   [ring of magical power]

   Int:       It affects your intelligence (+3).
   rC:        It makes you vulnerable to cold.
   rElec:     It insulates you from electricity.
   rN:        It protects you from negative energy.
   MP:        It affects your magic capacity (+9).
 M - an amulet of magic regeneration (around neck)
 O - a +6 ring of intelligence
Wands
 B - a wand of iceblast (11)
 E - a wand of flame (45)
Scrolls
 u - 4 scrolls of enchant armour
 z - a scroll of acquirement
 D - 2 scrolls of teleportation
 K - a scroll of enchant weapon
 P - a scroll of amnesia {unknown}
 Q - a scroll of fog
 S - a scroll of blinking {unknown}
 T - a scroll of identify
Potions
 e - a potion of might
 g - 3 potions of attraction {unknown}
 h - a potion of cancellation {unknown}
 m - a potion of berserk rage {unknown}
 n - 3 potions of lignification
 o - 3 potions of curing
 p - 5 potions of heal wounds
 s - 3 potions of haste
 F - 2 potions of resistance
 G - 3 potions of flight
 J - a potion of invisibility {unknown}
 L - a potion of magic {unknown}
 N - a potion of brilliance {unknown}
 V - a potion of mutation {unknown}


   Skills:
 + Level 10.4 Fighting
 - Level 10.0 Polearms
 - Level 2.0 Throwing
 - Level 2.0 Armour
 + Level 15.7 Dodging
 + Level 4.9 Spellcasting
 - Level 5.0 Poison Magic
 - Level 5.0 Invocations


You had 11 spell levels left.
You knew the following spells:

 Your Spells              Type           Power      Damage    Failure   Level
a - Poisonous Vapours     Pois/Air       12%        N/A       6%          2
b - Olgreb's Toxic Radia  Pois           11%        N/A       13%         4
c - Mephitic Cloud        Conj/Pois/Air  5%         N/A       16%         3

Your spell library contained the following spells:

 Spells                   Type           Power      Damage    Failure   Level
 Sting                    Tmut/Pois      24%        1d4       3%          1
 Animate Skeleton         Necr           4%         N/A       11%         1
 Magic Dart               Conj           8%         1d3       11%         1
 Pain                     Necr           8%         1d4       11%         1
 Call Imp                 Summ           2%         N/A       16%         2
 Slow                     Hex            2%         N/A       16%         2
 Confusing Touch          Hex            2%         N/A       28%         3
 Gell's Gravitas          Tloc           1%         N/A       28%         3
 Teleport Other           Tloc           2%         N/A       28%         3
 Vampiric Draining        Necr           1%         2d6       28%         3
 Yara's Violent Unravell  Hex/Tmut       1%         3d3       93%         5
 Dispersal                Tloc           1%         N/A       100%        6
 Borgnjor's Revivificati  Necr           1%         N/A       100%        8
 Necromutation            Tmut/Necr      1%         N/A       100%        8
 Death's Door             Necr           1%         N/A       100%        9


Dungeon Overview and Level Annotations

Branches:
Dungeon (10/15)            Temple (1/1) D:4            Lair (1/6) D:9
  Sewer (visited)         Ossuary (visited)
    Orc: D:9-12

Altars:
Ashenzari
Cheibriados
Dithmenos
Elyvilon
Fedhas
Gozag
Hepliaklqana
Kikubaaqudgha
Makhleb
Nemelex Xobeh
Okawaru
Qazlal
Ru
Sif Muna
Trog
Uskayaw
Vehumet
Wu Jian
Xom
Yredelemnul
Zin
The Shining One

Shops:
D:1 *   D:2 [   D:6 !*(

Annotations:
D:6 2 transporters, exclusion: downstairs, CrazyMind's ghost, novice GnVM
D:7 exclusion: 2 downstairs
D:9 exclusion: downstairs


Innate Abilities, Weirdness & Mutations

Your life essence is reduced to manifest your ancestor. (-10% HP)
((You are quick and stealthy near water. (Stealth+, EV+, Speed+++)))
Your lower body shifts to a powerful aquatic tail in water.


Message History

The komodo dragon bites you!!
Edmée completely misses the komodo dragon.
You hit the komodo dragon but do no damage.
The komodo dragon is moderately wounded.
The komodo dragon completely misses you.
You hit the komodo dragon.
The komodo dragon is moderately wounded.
The komodo dragon looks more healthy.
Edmée hits the komodo dragon with a +0 flail!
The komodo dragon bites Edmée!!
Edmée is destroyed!
The komodo dragon hisses angrily.
You hit the komodo dragon.
The komodo dragon is almost dead.
You barely miss the komodo dragon.
The komodo dragon is almost dead.
The komodo dragon bites you!
You hit the komodo dragon.
The komodo dragon is almost dead.
The komodo dragon bites you.
You hit the komodo dragon.
The komodo dragon is almost dead.
The komodo dragon bites you.
You hit the komodo dragon but do no damage.
The komodo dragon is almost dead.
The komodo dragon bites you!
* * * LOW HITPOINT WARNING * * *
You hit the komodo dragon but do no damage.
The komodo dragon is almost dead.
You hit the komodo dragon but do no damage.
The komodo dragon is almost dead.
The komodo dragon bites you.
* * * LOW HITPOINT WARNING * * *
You hit the komodo dragon but do no damage.
The komodo dragon is almost dead.
The komodo dragon completely misses you.
You hit the komodo dragon.
The komodo dragon is almost dead.
The komodo dragon bites you!!
You die...

.###.#..# ##...#####...###
........# #.....##....###.
#######.## ##.........####. ..#
#...# ##.#.....#.##.. ...####.##
#.##...#####.. ........# ####
#..##.## #..#
.......#####.P#######.##.##.##.P#
...#....#........................
#....#........†.@..............##
##............†.l......>.......#.
#.#................/.=........(.8
####.....###....#.#P.#.####.####.
#P....## ###..###### # #.. ##
#......## ###..# #.# #
#....#...## #.. # .....###...##
#.# . ..... ##...# ## #


You could see a komodo dragon.

Vanquished Creatures
  A boulder beetle (D:10)
  2 two-headed ogres
  A manticore (D:10)
  A cyclops (D:10)
  Maggie (D:8)
  A komodo dragon (Lair:1)
  An efreet (D:10)
  2 trolls (D:10)
  A wind drake (shapeshifter) (D:10)
  A wraith (D:10)
  5 yaks
  A water moccasin (Sewer)
  An acid dragon (D:8)
  An ice beast (D:8)
  A black bear (D:5)
  A hornet zombie (D:5)
  2 centaurs
  A bullfrog (D:7)
  A wyvern zombie (D:7)
  A scorpion (D:7)
  8 killer bees
  2 electric eels (D:7)
  7 howler monkeys
  7 centaur zombies
  A bullfrog zombie (D:5)
  3 hounds
  A jelly (D:5)
  A bullfrog skeleton (D:5)
  2 centaur skeletons
  A gnoll shaman (D:5)
  4 iguanas
  Jessica (D:3)
  3 orc wizards
  2 killer bee zombies
  3 mummies (Ossuary)
  2 howler monkey zombies (D:8)
  7 gnolls
  7 adders
  A white imp (D:6)
  3 worms
  4 dart slugs
  21 orcs
  8 endoplasms
  A giant cockroach (D:4)
  10 goblins
  7 hobgoblins
  4 jackals (D:1)
  13 kobolds
  2 quokkas
  2 ball pythons (D:1)
  12 bats
  4 frilled lizards
  2 hobgoblin zombies (Ossuary)
  5 rats
188 creatures vanquished.

Vanquished Creatures (collateral kills)
  A hydra (Lair:1)
  Erolcha (D:9)
  A two-headed ogre (D:9)
  A deep elf pyromancer (D:10)
  An ugly thing (D:9)
  A centaur zombie (D:10)
  A black mamba (Lair:1)
  A cane toad (Lair:1)
  A troll (D:9)
  A troll (shapeshifter) (D:9)
  A shadow (D:10)
  5 yaks
  2 acid dragons
  2 hornet zombies
  A kobold brigand (D:8)
  A bullfrog (D:7)
  A water moccasin skeleton (D:7)
  2 killer bees (D:10)
  A howler monkey (D:10)
  A centaur skeleton (D:6)
  An orc wizard (D:7)
  2 mummies (Ossuary)
  A howler monkey skeleton (D:7)
  An adder (D:6)
  2 orcs (D:7)
  A hobgoblin zombie (Ossuary)
  A kobold (D:8)
36 creatures vanquished.

Vanquished Creatures (others)
  5 knights
  5 ancestors
  An orc (D:6)
  9 plants
20 creatures vanquished.

Grand Total: 244 creatures vanquished

Notes
Turn   | Place    | Note
-------+----------+-------------------------------------------
     0 | D:1      | AarnesTheHuman the Merfolk Gladiator began the quest for
                  | the Orb.
     0 | D:1      | Reached XP level 1. HP: 16/16 MP: 1/1
    92 | D:1      | Reached skill level 5 in Polearms
    97 | D:1      | Reached XP level 2. HP: 9/22 MP: 2/2
   333 | D:1      | Found Ilubip's General Store.
   555 | D:1      | Reached XP level 3. HP: 27/27 MP: 3/3
  1184 | D:2      | Found Xuwie's Armour Shoppe.
  1286 | D:2      | Reached XP level 4. HP: 31/35 MP: 4/4
  2316 | D:3      | Found a sparkling altar of Nemelex Xobeh.
  2541 | D:3      | Reached XP level 5. HP: 41/42 MP: 5/5
  2775 | D:3      | Noticed Jessica
  2784 | D:3      | Killed Jessica
  3738 | D:4      | Found a glowing drain.
  3743 | Sewer    | Entered a sewer
  3811 | Sewer    | Noticed a water moccasin
  3835 | Sewer    | Killed a water moccasin
  3836 | Sewer    | Reached skill level 5 in Fighting
  3836 | Sewer    | Reached skill level 5 in Dodging
  3836 | Sewer    | Reached XP level 6. HP: 16/51 MP: 6/6
  4397 | D:4      | Found a staircase to the Ecumenical Temple.
  4425 | Temple   | Entered the Ecumenical Temple
  4560 | Temple   | Became a worshipper of Hepliaklqana the Forgotten
  4615 | D:4      | Noticed a +0 dagger
  4615 | D:4      | Noticed a +0 dagger
  4618 | D:4      | Found a hide-covered altar of Uskayaw.
  4892 | D:5      | Entered Level 5 of the Dungeon
  4984 | D:5      | Reached XP level 7. HP: 52/56 MP: 7/7
  4989 | D:5      | Identified the +3 robe of Follow the Leader {Will+ rCorr}
  5255 | D:5      | Reached skill level 1 in Invocations
  5651 | D:5      | Reached skill level 1 in Armour
  6024 | D:5      | Reached skill level 6 in Dodging
  6214 | D:5      | Reached XP level 8. HP: 64/64 MP: 9/9
  6328 | D:5      | Reached * piety under Hepliaklqana
  6407 | D:6      | Found Mupsaodesch's Distillery.
  6408 | D:6      | Identified a scroll of acquirement
  6421 | D:6      | Bought a potion of curing for 33 gold pieces
  6822 | D:6      | Found Dagax's General Store.
  6975 | D:6      | Found Ebevehop's Weapon Shop.
  6995 | D:6      | Noticed a queen bee
  7014 | D:6      | Noticed CrazyMind's ghost (novice GnVM)
  7020 | D:6      | Found a transporter.
  7025 | D:6      | Found a transporter.
  7614 | D:7      | Reached ** piety under Hepliaklqana
  7633 | D:7      | Reached skill level 7 in Dodging
  7667 | D:7      | Found a sand-covered staircase.
  7672 | Ossuary  | Entered an ossuary
  7876 | Ossuary  | Reached skill level 10 in Polearms
  7996 | Ossuary  | Acquired the ring "Horostry" {rElec rC- rN+ MP+9 Int+3}
  8262 | D:7      | Reached XP level 9. HP: 60/66 MP: 10/10
  8946 | D:8      | Noticed a two-headed ogre
  9012 | D:7      | Learned a level 2 spell: Poisonous Vapours
  9033 | D:8      | Reached *** piety under Hepliaklqana
  9039 | D:8      | Found a snail-covered altar of Cheibriados.
  9268 | D:8      | Reached skill level 8 in Dodging
  9395 | D:8      | Reached skill level 1 in Poison Magic
  9417 | D:8      | Reached skill level 1 in Spellcasting
  9530 | D:8      | Noticed Maggie
 10031 | D:8      | Remembered your ancestor Edmée as a knight
 10172 | D:8      | Killed Maggie
 10201 | D:8      | Killed a two-headed ogre
 10202 | D:8      | Reached skill level 9 in Dodging
 10202 | D:8      | Reached skill level 5 in Invocations
 10202 | D:8      | Reached XP level 10. HP: 74/74 MP: 3/14
 10556 | D:9      | Reached **** piety under Hepliaklqana
 10569 | D:9      | Noticed a two-headed ogre
 10584 | D:9      | Killed a two-headed ogre
 10765 | D:9      | Learned a level 4 spell: Olgreb's Toxic Radiance
 10792 | D:9      | Found a staircase to the Lair.
 11093 | D:9      | Noticed Erolcha
 11102 | D:9      | Killed Erolcha
 11428 | D:10     | Entered Level 10 of the Dungeon
 11435 | D:10     | Noticed a manticore
 11733 | D:10     | Killed a manticore
 11734 | D:10     | Reached skill level 10 in Fighting
 11734 | D:10     | Reached skill level 10 in Dodging
 11734 | D:10     | Reached skill level 5 in Poison Magic
 12015 | D:10     | Found a shimmering altar of Xom.
 12393 | D:10     | Reached skill level 11 in Dodging
 12941 | D:10     | Reached XP level 11. HP: 80/81 MP: 17/17
 12954 | D:10     | Noticed a boulder beetle
 12957 | D:10     | Noticed a two-headed ogre
 12958 | D:10     | Noticed a deep elf pyromancer
 12971 | D:10     | Killed a boulder beetle
 12972 | D:10     | Reached skill level 12 in Dodging
 12982 | D:10     | Killed a deep elf pyromancer
 12994 | D:10     | Killed a two-headed ogre
 12995 | D:10     | Reached skill level 13 in Dodging
 13140 | D:10     | Noticed a red ugly thing
 13152 | D:10     | Noticed a harpy
 13152 | D:10     | a hog changed into a harpy
 13155 | D:10     | a harpy changed into a shapeshifter
 13197 | D:9      | Reached skill level 14 in Dodging
 13478 | D:9      | Killed a red ugly thing
 13830 | D:10     | Noticed a cyclops
 13844 | D:10     | Killed a cyclops
 14038 | D:9      | Reached skill level 15 in Dodging
 14483 | D:10     | Learned a level 3 spell: Mephitic Cloud
 14579 | Lair:1   | Entered Level 1 of the Lair of Beasts
 15049 | Lair:1   | Noticed a seven-headed hydra
 15091 | Lair:1   | Killed a seven-headed hydra
 15092 | Lair:1   | Reached XP level 12. HP: 88/88 MP: 17/19
 15113 | Lair:1   | Mangled by a komodo dragon

Illustrated notes

Levels and vault maps discovered:
D:1:      eino_arrival_druids_welcome, layout_basic, serial_shops, shop,
          basic_ecumenical_altar
D:2:      layout_loops_ring, serial_shops, shop, serial_park_tiny_1,
          serial_bayou_crossing
D:3:      layout_basic, nemelex_spade_bored_becter, grunt_ministairs_15,
          uniq_jessica
D:4:      layout_rooms, dancing_weapons_uskayaw, minmay_temple_entry_arrows,
          portal_sewer_entry_e
D:5:      layout_loops_ring, minmay_misc_feat_square, glass_columns_a
D:6:      layout_basic, serial_shops, shop, nicolae_stop_n_shop_1, shop,
          gammafunk_ghost_hive, corner_web_ring
D:7:      layout_basic, enter_ossuary_2, serial_bayou, serial_bayou_ford_a,
          serial_bayou_pond_d, serial_bayou_lagoon_a, serial_bayou_pond_b
D:8:      layout_loops_corners, cheibriados_altar_1, uniq_maggie
D:9:      layout_basic, lair_entry_dummy, chequers_serial_rivers_room_a,
          uniq_erolcha
D:10:     minmay_slanted_spiral_squares, layout_loops_corners,
          mainiacjoe_overflow_catwalk, hangedman_abyss_or_decor_stagger
Temple:   regret_index_temple_mists
Lair:1:   layout_hall_layers, minivault_25, grunt_megastairs_1

Skill      XL: |  1  2  3  4  5  6  7  8  9 10 11 |
---------------+----------------------------------+-----
Polearms       | 5 6 7 8 10 | 10.0
Fighting       | 3 4 5 8 9 10 | 10.4
Dodging        | 5 6 7 9 11 15 | 15.7
Invocations    | 2 5 |  5.0
Armour         | 1 2 |  2.0
Poison Magic   | 3 5 |  5.0
Spellcasting   | 2 4 |  4.9
Throwing       | |  2.0

Action                   |  1- 3 |  4- 6 |  7- 9 | 10-12 || total
-------------------------+-------+-------+-------+-------++-------
Melee: Trident           |   111 |   227 |   466 |   178 ||   982
       Tailslap          |       |       |    11 |       ||    11
Throw: Throwing net      |       |     2 |       |       ||     2
       Stone             |       |     3 |       |       ||     3
       Dart              |       |       |     4 |     6 ||    10
       Javelin           |       |       |       |     1 ||     1
 Cast: Poisonous Vapours |       |       |     5 |    53 ||    58
       Olgreb's Toxic Ra |       |       |       |     8 ||     8
Invok: Recall Ancestor   |       |       |     1 |     2 ||     3
       Ancestor Life: Kn |       |       |     1 |       ||     1
       Idealise          |       |       |       |     1 ||     1
Evoke: Wand              |       |       |       |     6 ||     6
  Use: Scroll            |       |     8 |     5 |     2 ||    15
       Potion            |       |     2 |       |     1 ||     3
 Stab: Sleeping          |       |       |     3 |     1 ||     4
       Distracted        |       |       |     4 |     2 ||     6
Armor: Leather armour    |    19 |    19 |       |       ||    38
       Plate armour      |       |    93 |     4 |       ||    97
       Robe              |       |       |   141 |    31 ||   172
Dodge: Dodged            |    59 |    73 |   294 |   117 ||   543
